 Dungeon Sprint DCSS version 0.31-a0-846-gb3bcc0d938 (webtiles) character file.

Game seed: 17179383329598939068

163 sircluck the Ruffian (level 5, -2/88 HPs)
             Began as a Troll Berserker on Oct 3, 2023.
             Was a Believer of Trog.
             Slain by a killer bee (4 damage)
             ... in the Dungeon (Sprint IV: "Fedhas' Mad Dash").
             The game lasted 00:00:34 (107 turns).

sircluck the Ruffian (Troll Berserker)               Turns: 107, Time: 00:00:34

Health: -2/88      AC:  5    Str: 27    XL:     5   Next: 20%
Magic:  4/4        EV: 11    Int:  3    God:    Trog [**....]
Gold:   52         SH:  0    Dex:  9    Spells: 4/4 levels left

rFire   . .          .
                       - Unarmed
rCold   . . .        (no shield)
rNeg    . . .        a - +0 animal skin
rPois   .            h - +1 hat
rElec   .            (no cloak)
rCorr   .            (gloves unavailable)
SInv    .            (boots unavailable)
Will    .....        (no amulet) Stlth
                     (no ring)
HPRegen 1.14/turn    (no ring)
MPRegen 0.09/turn

%: no teleportation
@: berserking, lethally poisoned (-2 -> -10), very quick
A: large, unfitting armour, claws 3, regeneration 1, shaggy fur 1, tough skin 1
a: Renounce Religion, Berserk, Trog's Hand


You were in the Dungeon.
You worshipped Trog.
Trog was pleased with you.
You visited 1 branch You collected 52 gold pieces.

Inventory:

Armour
 a - a +0 animal skin (worn)
 h - a +1 hat (worn)
Jewellery
 i - the amulet of invisibility {+Inv}
   (You found it in the Dungeon)

   [amulet of nothing]

   +Inv:      It lets you turn invisible.
Scrolls
 g - a scroll of blinking
 j - a scroll of amnesia {unknown}
Potions
 b - a potion of curing
 c - a potion of heal wounds
 d - a potion of haste
 e - 2 potions of magic
 f - a potion of berserk rage


   Skills:
 + Level 5.7 Fighting
 + Level 5.6 Dodging
 + Level 6.8 Unarmed Combat


You had 4 spell levels left.
You didn't know any spells.
Your spell library was empty.

Dungeon Overview and Level Annotations

Branches:
Dungeon (1/1)

Altars:


Innate Abilities, Weirdness & Mutations

You are too large for most types of armour.
You have claws for hands.
Your natural rate of healing is unusually fast.
You are covered in fur. (AC +1)
You have tough skin. (AC +1)


Message History

The killer bee misses you. The queen bee closely misses you.
You barely miss the queen bee.
You feel very sick. The killer bee misses you.
You claw the queen bee! You claw the queen bee.
The queen bee is moderately wounded.
You feel very sick. The killer bee stings you. The queen bee stings you!
You barely miss the queen bee.
The queen bee is moderately wounded.
You feel sick. The killer bee barely misses you.
You claw the queen bee!
The queen bee is severely wounded.
You feel sick. The killer bee misses you.
The queen bee calls on the killer bee to defend it!
The killer bee goes berserk!
The killer bee stings you.
You are more poisoned.
The killer bee poisons you!
You feel very sick.
The killer bee attacks as it pursues you!
The killer bee stings you! x2
* * * LOW HITPOINT WARNING * * *
You closely miss the killer bee.
You feel very sick. The killer bee stings you.
* * * LOW HITPOINT WARNING * * *
You claw the killer bee!
The killer bee is moderately wounded.
You feel sick. The killer bee stings you.
* * * LOW HITPOINT WARNING * * *
You are more poisoned.
The killer bee poisons you! The killer bee stings you!
* * * LOW HITPOINT WARNING * * *
You miss the killer bee. Your claw misses the killer bee.
The killer bee is moderately wounded.
* * * LOW HITPOINT WARNING * * *
You feel sick. The killer bee stings you.
* * * LOW HITPOINT WARNING * * *
The killer bee stings you.
You die...

##################
#<..P#.....#.....#
#PP..'.....'.#†..+
#PPPP#.....#.#...#
###############'##
♣......yyy@..#
.....♣....y#...#


yy. ♣..♣..###### + #+##### You could see a queen bee and 3 killer bees.

Vanquished Creatures
  A scorpion (D)
  A killer bee (D)
  2 oklob saplings (D)
  A river rat (D)
  A rat (D)
6 creatures vanquished.

Notes
Turn   | Place    | Note
-------+----------+-------------------------------------------
     0 | D        | sircluck the Troll Berserker began the quest for the Orb.
     0 | D        | Reached XP level 1. HP: 22/22 MP: 0/0
     8 | D        | Reached XP level 2. HP: 28/31 MP: 1/1
    22 | D        | Noticed an oklob sapling
    24 | D        | Killed an oklob sapling
    24 | D        | Reached ** piety under Trog
    25 | D        | Reached skill level 4 in Unarmed Combat
    25 | D        | Reached XP level 3. HP: 39/39 MP: 2/2
    27 | D        | Noticed a scorpion
    27 | D        | Found the amulet of invisibility {+Inv}
    32 | D        | Killed a scorpion
    33 | D        | Reached skill level 5 in Unarmed Combat
    33 | D        | Reached XP level 4. HP: 35/49 MP: 3/3
    67 | D        | Reached skill level 5 in Fighting
    67 | D        | Reached skill level 5 in Dodging
    67 | D        | Reached skill level 6 in Unarmed Combat
    86 | D        | Noticed a queen bee
    95 | D        | Reached XP level 5. HP: 59/59 MP: 4/4
   107 | D        | HP: 2/88 [killer bee (3)]
   107 | D        | Slain by a killer bee

Illustrated notes

Levels and vault maps discovered:
D:        dungeon_sprint_fedhas [sprint_temple]

Skill      XL: |  1  2  3  4 |
---------------+-------------+-----
Fighting       | 3 4 5 |  5.7
Dodging        | 3 4 5 |  5.6
Unarmed Combat | 4 5 6 |  6.8

Action                     |  1- 3 |  4- 6 || total
---------------------------+-------+-------++-------
  Melee: Unarmed           |    11 |    15 ||    26
         Punch             |     2 |     1 ||     3
 Invoke: Berserk           |       |     1 ||     1
 Armour: Animal skin       |     6 |    15 ||    21
  Dodge: Dodged            |     5 |     8 ||    13

Table legend: (Time is in decaauts)
 A = Elapsed time spent in this place.
 B = Non-inter-level travel time spent in this place.
 C = Inter-level travel time spent in this place.
 D = Time resting spent in this place.
 E = Time spent auto-exploring this place.
 F = Levels seen in this place.
 G = Mean time per level.
                   A        B        C        D        E       F      G
               +--------+--------+--------+--------+--------+-----+--------+
         Total |    101 |    101 |      0 |     10 |      6 |   1 |  101.0 |
       Dungeon |    101 |    101 |      0 |     10 |      6 |   1 |  101.0 |
               +--------+--------+--------+--------+--------+-----+--------+

Top non-repeatable levels by time:
       D: 101 daAuts
